 Dungeon Crawl Stone Soup version 0.27-a0-1181-g5f64966fcc (webtiles) character file.

Game seed: 2448956046053886807

232 ZappyNine the Stinger (level 5, 0/21 HPs)
             Began as a Felid Venom Mage on May 17, 2021.
             Was an Initiate of Vehumet.
             Slain by a ball python (1 damage)
             ... on level 4 of the Dungeon.
             The game lasted 00:07:31 (5817 turns).

ZappyNine the Stinger (Felid Venom Mage)            Turns: 5817, Time: 00:07:31

Health: 0/21       AC:  1    Str:  4    XL:     5   Next: 73%
Magic:  3/10       EV: 14    Int: 17    God:    Vehumet [......]
Gold:   111        SH:  0    Dex: 17    Spells: 3/9 levels left
                                        Lives:  0   Deaths: 1

rFire    . . .     SeeInvis +   (weapon unavailable)
rCold    . . .     Faith    .   (shield unavailable)
rNeg     . . .     Spirit   .   (armour unavailable)
rPois    .         Reflect  .   (helmet unavailable)
rElec    .         Harm     .   (cloak unavailable)
rCorr    .         Rampage  .   (gloves unavailable)
Will     .....                  (boots unavailable)
Stlth    ++........             (no amulet)
HPRegen  0.07/turn              (no ring)
MPRegen  0.12/turn              (no ring)

@: constricted, quick
A: very small, claws 1, fangs 3, see invisible, speed 1, shaggy fur 1, stealthy
paws, no weapons or thrown items, no armour, multi-lived, MP-powered wands
a: Renounce Religion


You were on level 4 of the Dungeon.
You worshipped Vehumet.
Vehumet was noncommittal.
You visited 2 branches of the dungeon, and saw 5 of its levels.

You collected 111 gold pieces.

Inventory:

Scrolls
 b - a scroll of torment {unknown}
 d - 3 scrolls of teleportation
 g - 4 scrolls of identify


   Skills:
 - Level 0.6 Fighting
 - Level 2.6 Dodging
 - Level 2.6 Stealth
 + Level 2.6 Spellcasting
 + Level 2.1 Transmutations
 * Level 2.0 Fire Magic
 - Level 2.9 Air Magic
 - Level 4.4 Poison Magic


You had 3 spell levels left.
You knew the following spells:

 Your Spells              Type           Power      Damage    Failure   Level
a - Sting                 Tmut/Pois      52%        1d5       4%          1
b - Poisonous Vapours     Pois/Air       28%        N/A       6%          2
c - Ignite Poison         Fire/Tmut/Pois 12%        N/A       17%         3

Your spell library contained the following spells:

 Spells                   Type           Power      Damage    Failure   Level
 Sandblast                Erth           4%         2d4       19%         1
 Passwall                 Tmut/Erth      4%         N/A       19%         2
 Mephitic Cloud           Conj/Pois/Air  10%        N/A       21%         3
 Confusing Touch          Hex            2%         N/A       47%         3
 Gell's Gravitas          Tloc           1%         N/A       47%         3
 Stone Arrow              Conj/Erth      4%         3d7       47%         3
 Olgreb's Toxic Radiance  Pois           17%        N/A       30%         4
 Petrify                  Tmut/Erth      5%         N/A       75%         4
 Yara's Violent Unravell  Hex/Tmut       2%         3d3       97%         5
 Lee's Rapid Deconstruct  Erth           1%         3d5*      99%         5
 Metabolic Englaciation   Hex/Ice        1%         N/A       99%         5


Dungeon Overview and Level Annotations

Branches:
Dungeon (4/15)             Temple (1/1) D:4

Altars:
Cheibriados
Elyvilon
Fedhas
Kikubaaqudgha
Sif Muna
Trog
Uskayaw
Vehumet
Wu Jian
Zin
The Shining One

Shops:
D:3 =[*


Innate Abilities, Weirdness & Mutations

You have sharp claws.
You have razor-sharp teeth.
You have supernaturally acute eyesight. (SInv)
You cover ground quickly. (Speed+)
You are covered in fur. (AC +1)
Your paws help you pounce on unaware monsters.
You are incapable of wielding weapons or throwing items.
You cannot wear armour.
You gain extra lives every three experience levels.
You expend magic power (3 MP) to strengthen your wands.


Message History

Confirm with . or Enter, or press ? or * to list all spells.
Aiming: Sting (safe; 4% risk of failure)
Press: ? - help, Shift-Dir - straight line, f/p - hobgoblin
Aim: a hobgoblin, wielding a staff of poison, wearing a +0 scale mail and wearing a +4 ring of protection (moderately wounded, slightly transparent, poisoned, 75% to hit)
The sting hits the hobgoblin but does no damage.
The hobgoblin looks even sicker.
The hobgoblin is moderately wounded.
The hobgoblin closely misses you.
Casting: Sting (safe; 4% risk of failure)
Confirm with . or Enter, or press ? or * to list all spells.
You don't know that spell.
There are monsters nearby!
Casting: Sting (safe; 4% risk of failure)
Confirm with . or Enter, or press ? or * to list all spells.
The spell is extremely dangerous to cast (17% risk of failure)!
Continue anyway?
You ignite the poison in your surroundings!
The hobgoblin seems to burn from within!
You kill the hobgoblin!
Vehumet accepts your kill.
Unknown command.
Unknown command.
You scratch the ball python.
The ball python is heavily wounded.
The ball python misses you. The ball python grabs you.
The ball python constricts you.
Casting: Ignite Poison (extremely dangerous; 17% risk of failure)
Confirm with . or Enter, or press ? or * to list all spells.
Aiming: Poisonous Vapours (safe; 6% risk of failure)
Press: ? - help, Dir - move target, f - ball python
Aim: a ball python (heavily wounded, constricting you) Poisonous vapours surround the ball python!
The ball python is engulfed in poison gas.
The ball python is poisoned.
The ball python bites you.
* * * LOW HITPOINT WARNING * * *
x2 The ball python constricts you.
You escape the ball python's grasp.
The ball python bites you.
* * * LOW HITPOINT WARNING * * *
The ball python grabs you.
You die...

#.# ## #.# #.#
#.#.###### #.#.....#
#.#.##### ###########
#.#.#....# #....e.5..#
########|####.#######e#
#..S.#.# #.######
####@#.#.#####e#.....
#.#.#.e5....#.####
#.#.#########.# #.#.#
#.# #.#.# #.# #.#.# #.#
#.#.#########.#
#.#.##........#
#.#.##.########


You could see a ball python (poisoned).

Vanquished Creatures
  Duvessa (D:4)
  A bullfrog (D:3)
  Dowan (D:4)
  A hound (D:2)
  An orc wizard (D:3)
  An adder (D:3)
  An ufetubus (D:4)
  A worm (D:3)
  2 dart slugs
  3 orcs (D:3)
  7 bats
  3 endoplasms
  3 giant cockroaches
  6 goblins
  4 hobgoblins
  6 jackals
  5 kobolds
  4 quokkas
  2 ball pythons
  A frilled lizard (D:3)
  4 rats
58 creatures vanquished.

Notes
Turn   | Place    | Note
-------+----------+-------------------------------------------
     0 | D:1      | ZappyNine the Felid Venom Mage began the quest for the Orb.
     0 | D:1      | Reached XP level 1. HP: 7/7 MP: 4/4
   290 | D:1      | Reached skill level 3 in Poison Magic
   331 | D:1      | Reached XP level 2. HP: 12/12 MP: 6/6
   334 | D:1      | Learned a level 2 spell: Poisonous Vapours
  1192 | D:2      | Found a faded altar of an unknown god.
  1221 | D:2      | Reached skill level 1 in Air Magic
  1263 | D:2      | Reached XP level 3. HP: 4/15 MP: 0/7
  2690 | D:2      | Gained mutation: You sometimes lose the ability to read
                  | scrolls when taking damage. [potion of mutation]
  2690 | D:2      | Gained mutation: You have a pair of small horns on your
                  | head. [potion of mutation]
  2691 | D:2      | Lost mutation: You have a pair of small horns on your head.
                  | [potion of mutation]
  2691 | D:2      | Lost mutation: You sometimes lose the ability to read
                  | scrolls when taking damage. [potion of mutation]
  2691 | D:2      | Gained mutation: Your body sometimes deteriorates upon
                  | taking damage. [potion of mutation]
  2691 | D:2      | Gained mutation: You are weak. (Str -2) [potion of
                  | mutation]
  2692 | D:2      | Lost mutation: Your body sometimes deteriorates upon taking
                  | damage. [potion of mutation]
  2692 | D:2      | Lost mutation: You are weak. (Str -2) [potion of mutation]
  2692 | D:2      | Gained mutation: You expend magic power (3 MP) to
                  | strengthen your wands. [potion of mutation]
  3135 | D:3      | Reached XP level 4. HP: 18/18 MP: 3/8
  3305 | D:3      | Found Exies's Antique Armour Emporium.
  3375 | D:3      | Noticed a bullfrog
  3385 | D:3      | Killed a bullfrog
  3386 | D:3      | Reached skill level 4 in Poison Magic
  3560 | D:3      | Found Naenili's Jewellery Emporium.
  3613 | D:3      | Reached XP level 5. HP: 21/21 MP: 1/9
  3842 | D:3      | Found Maupys's Assorted Antiques.
  4695 | D:3      | Learned a level 3 spell: Ignite Poison
  4742 | D:4      | Found a staircase to the Ecumenical Temple.
  4754 | Temple   | Entered the Ecumenical Temple
  4834 | Temple   | Became a worshipper of Vehumet
  4880 | D:4      | Noticed Dowan
  4881 | D:4      | Noticed Duvessa
  4899 | D:4      | Killed Dowan
  4900 | D:4      | Reached skill level 1 in Fire Magic
  4917 | D:4      | Slain by Duvessa
  4918 | D:4      | Reached XP level 4. HP: -3/18 MP: 8/8
  5492 | D:4      | Killed Duvessa
  5493 | D:4      | Reached XP level 5. HP: 21/21 MP: 1/10
  5817 | D:4      | HP: 1/21 [ball python (2)]
  5817 | D:4      | Slain by a ball python

Illustrated notes

Levels and vault maps discovered:
D:1:      ebering_trefoil_twist, layout_basic, minmay_pentomino_q2
D:2:      layout_basic, hellmonk_ecumenical_altar_dog_temple, moated_statue
D:3:      layout_loops_ring, portal_sewer_entry_e, serial_shops, shop,
          nicolae_shop_stone, nicolae_shop_window_shopping
D:4:      layout_basic, minmay_temple_entry_trees, serial_shops, shop,
          gammafunk_ghost_necromancy, uniq_duvessa
Temple:   regret_index_temple_mists

Skill      XL: |  1  2  3  4  5 |
---------------+----------------+-----
Poison Magic   | 3 4 |  4.4
Air Magic      | 1 2 |  2.9
Fire Magic     | 2 1 |  2.0
Transmutations | 2 |  2.1
Fighting       | |  0.6
Dodging        | |  2.6
Stealth        | |  2.6
Spellcasting   | |  2.6

Action                   |  1- 3 |  4- 6 || total
-------------------------+-------+-------++-------
Melee: Unarmed           |    64 |    90 ||   154
       Bite              |     8 |     6 ||    14
 Cast: Sting             |     7 |     3 ||    10
       Poisonous Vapours |    22 |    27 ||    49
       Ignite Poison     |       |     1 ||     1
  Use: Scroll            |     7 |       ||     7
       Potion            |     3 |     3 ||     6
 Stab: Sleeping          |     3 |     3 ||     6
Armor: Skin              |     4 |     1 ||     5
Dodge: Dodged            |    57 |    84 ||   141

Table legend: (Time is in decaauts)
 A = Elapsed time spent in this place.
 B = Non-inter-level travel time spent in this place.
 C = Inter-level travel time spent in this place.
 D = Time resting spent in this place.
 E = Time spent auto-exploring this place.
 F = Levels seen in this place.
 G = Mean time per level.
                   A        B        C        D        E       F      G
               +--------+--------+--------+--------+--------+-----+--------+
         Total |   5331 |   5235 |     96 |   2486 |   2140 |   5 | 1066.2 |
       Dungeon |   5228 |   5132 |     96 |   2475 |   2090 |   4 | 1307.0 |
        Temple |    102 |    102 |      0 |     11 |     49 |   1 |  102.0 |
               +--------+--------+--------+--------+--------+-----+--------+

Top non-repeatable levels by time:
     D:2: 2022 daAuts
     D:3: 1476 daAuts
     D:4: 914 daAuts
     D:1: 816 daAuts
  Temple: 102 daAuts
